 Dungeon Crawl Stone Soup version 0.28-a0-1493-g08698888e4 (webtiles) character file.

Game seed: 6559712453260899589

45 iamoutofideas the Grasshopper (level 3, -1/46 HPs)
             Began as a Gnoll Warper on Jan 12, 2022.
             Succumbed to Terence's poison
             ... on level 2 of the Dungeon.
             The game lasted 00:00:45 (864 turns).

iamoutofideas the Grasshopper (Gnoll Warper)         Turns: 864, Time: 00:00:46

Health: -1/46      AC: 21    Str: 12    XL:     3   Next: 64%
Magic:  9/9        EV:  2    Int: 12    God:
Gold:   39         SH:  0    Dex: 11    Spells: 12/12 levels left

rFire   . . .      SeeInvis .   a - +0 hand axe
rCold   . . .      Faith    .   (no shield)
rNeg    . . .      Spirit   .   (armour currently unavailable)
rPois   +          Reflect  .   (helmet currently unavailable)
rElec   .          Harm     .   (cloak currently unavailable)
rCorr   .          Rampage  .   (gloves currently unavailable)
Will    .....      NoTele   +   (boots currently unavailable)
Stlth   +.........              (no amulet)
HPRegen 0.15/turn               (no ring)
MPRegen 0.11/turn               (no ring)

@: brilliant, lethally poisoned (-1 -> -13), tree-form
A: stationary, stasis, torment immunity, boosted hp, (fangs 1), strong nose,
distributed training
a: no special abilities


You were on level 2 of the Dungeon.
You were a tree.
You visited 1 branch of the dungeon, and saw 2 of its levels.

You collected 39 gold pieces.

Inventory:

Hand Weapons
 a - a +0 hand axe (weapon)
Missiles
 d - 5 boomerangs of dispersal (quivered)
 e - 10 poisoned darts
Armour
 b - a +0 leather armour (melded)
Jewellery
 j - a ring of poison resistance
Scrolls
 c - 3 scrolls of blinking
Potions
 i - a potion of attraction {unknown}


   Skills:
 + Level 4.5 Fighting
 + Level 0.9 Short Blades
 + Level 0.9 Long Blades
 + Level 4.5 Axes
 + Level 0.9 Maces & Flails
 + Level 0.9 Polearms
 + Level 0.9 Staves
 + Level 0.9 Slings
 + Level 0.9 Bows
 + Level 0.9 Crossbows
 + Level 2.6 Throwing
 + Level 2.6 Armour
 + Level 4.5 Dodging
 + Level 0.9 Stealth
 + Level 0.9 Shields
 + Level 0.9 Unarmed Combat
 + Level 5.0 Spellcasting
 + Level 0.6 Conjurations
 + Level 0.6 Hexes
 + Level 0.6 Summonings
 + Level 0.6 Necromancy
 + Level 5.4 Translocations
 + Level 0.6 Transmutations
 + Level 0.6 Fire Magic
 + Level 0.6 Ice Magic
 + Level 0.6 Air Magic
 + Level 0.6 Earth Magic
 + Level 0.6 Poison Magic
 + Level 1.0 Invocations
 + Level 0.9 Evocations


You had 12 spell levels left.
You didn't know any spells.
Your spell library contained the following spells:

 Spells                   Type           Power      Damage    Failure   Level
 Blink                    Tloc           48%        N/A       3%          2
 Gell's Gravitas          Tloc           24%        N/A       6%          3
 Lesser Beckoning         Tloc           24%        N/A       6%          3
 Teleport Other           Tloc           24%        N/A       6%          3
 Manifold Assault         Tloc           24%        N/A       52%         5


Dungeon Overview and Level Annotations

Branches:
Dungeon (2/15)

Altars:

Annotations:
D:2 Terence


Innate Abilities, Weirdness & Mutations

You are a tree.
Your roots penetrate the ground, keeping you stationary.
You cannot be teleported.
You are immune to unholy pain and torment.
Your maximum health is greatly increased.
Your equipment is partially melded.
((You have very sharp teeth.))
Your uncanny sense of smell can sniff out nearby items.
Your experience applies equally to all skills.


Message History

You feel sick.
Terence bares his teeth.
Terence misses you.
You hit Terence.
Terence is heavily wounded.
You feel sick.
Terence drinks a potion.
Terence is healed!
You hit Terence.
Terence is lightly wounded.
You feel sick. Terence closely misses you.
You barely miss Terence.
Terence is lightly wounded.
You feel sick. Terence hits you but does no damage.
You hit Terence.
Terence is moderately wounded.
You feel sick. Terence barely misses you.
You barely miss Terence. You bite Terence, but do no damage.
Terence is moderately wounded.
You feel sick.
Terence hits you with a +0 short sword of venom.
You are lethally poisoned!
You hit Terence but do no damage.
Terence is moderately wounded.
* * * LOW HITPOINT WARNING * * *
You feel very sick.
Terence hits you with a +0 short sword of venom.
* * * LOW HITPOINT WARNING * * *
You are more poisoned.
It was a potion of lignification.
You turn into a tree.
Your +0 leather armour melds into your body.
Your roots penetrate the ground.
* * * LOW HITPOINT WARNING * * *
You feel very sick. Terence hits you but does no damage.
It was a potion of magic.
Magic courses through your body.
* * * LOW HITPOINT WARNING * * *
You feel very sick. Terence hits you but does no damage.
It was a potion of brilliance.
You feel clever all of a sudden.
You die...

...# #. #.# ###.# #.#
#.# #.# ##.## #.# #.#
##...# #.# #.# ##
#.... ########.# ..
#... #.....##.#
..##.##.#####.#†.....#
#...............#.####
###.##♣#####.###.# #@#
#.....# #.# #######
#.# #.# #.# #.# ...


You could see Terence.

Vanquished Creatures
  A gnoll (D:1)
  An adder (D:2)
  A dart slug (D:1)
  A ball python (D:2)
  4 bats
  3 endoplasms
  2 giant cockroaches (D:1)
  4 goblins (D:1)
  A hobgoblin (D:1)
  A quokka (D:1)
  5 rats
24 creatures vanquished.

Notes
Turn   | Place    | Note
-------+----------+-------------------------------------------
     0 | D:1      | iamoutofideas the Gnoll Warper began the quest for the Orb.
     0 | D:1      | Reached XP level 1. HP: 20/20 MP: 6/6
   114 | D:1      | Reached XP level 2. HP: 25/26 MP: 7/7
   302 | D:1      | Reached XP level 3. HP: 21/31 MP: 9/9
   305 | D:1      | Reached skill level 5 in Spellcasting
   577 | D:1      | Found a faded altar of an unknown god.
   841 | D:2      | Reached skill level 1 in Invocations
   849 | D:2      | Noticed Terence
   863 | D:2      | HP: 1/46 [poisoned by Terence]
   864 | D:2      | Succumbed to Terence's poison

Illustrated notes

Levels and vault maps discovered:
D:1:      minmay_arrival_loop, layout_rooms,
          hellmonk_ecumenical_altar_prayer_group
D:2:      layout_loops_corners, uniq_terence

Skill      XL: |  1  2  3 |
---------------+----------+-----
Spellcasting   | 5 |  5.0
Invocations    | 1 |  1.0
Fighting       | |  4.5
Short Blades   | |  0.9
Long Blades    | |  0.9
Axes           | |  4.5
Maces & Flails | |  0.9
Polearms       | |  0.9
Staves         | |  0.9
Slings         | |  0.9
Bows           | |  0.9
Crossbows      | |  0.9
Throwing       | |  2.6
Armour         | |  2.6
Dodging        | |  4.5
Stealth        | |  0.9
Shields        | |  0.9
Unarmed Combat | |  0.9
Conjurations   | |  0.6
Hexes          | |  0.6
Summonings     | |  0.6
Necromancy     | |  0.6
Translocations | |  5.4
Transmutations | |  0.6
Fire Magic     | |  0.6
Ice Magic      | |  0.6
Air Magic      | |  0.6
Earth Magic    | |  0.6
Poison Magic   | |  0.6
Evocations     | |  0.9

Action                   || total
-------------------------++-------
Melee: Hand axe          ||    82
       Bite              ||    10
  Use: Potion            ||     3
 Stab: Sleeping          ||     2
Armor: Leather armour    ||    26
       Skin              ||     2
Dodge: Dodged            ||    56

Table legend: (Time is in decaauts)
 A = Elapsed time spent in this place.
 B = Non-inter-level travel time spent in this place.
 C = Inter-level travel time spent in this place.
 D = Time resting spent in this place.
 E = Time spent auto-exploring this place.
 F = Levels seen in this place.
 G = Mean time per level.
                   A        B        C        D        E       F      G
               +--------+--------+--------+--------+--------+-----+--------+
         Total |    870 |    857 |     13 |      0 |    682 |   2 |  435.0 |
       Dungeon |    870 |    857 |     13 |      0 |    682 |   2 |  435.0 |
               +--------+--------+--------+--------+--------+-----+--------+

Top non-repeatable levels by time:
     D:1: 757 daAuts
     D:2: 112 daAuts
